 Dungeon Crawl Stone Soup version 0.20.1-1-g8b1a95d (webtiles) character file.

23 nightchill the Ruffian (level 2, -2/24 HPs)
             Began as a Ghoul Warper on Dec 24, 2017.
             Slain by a gnoll
             ... wielding a cursed -2 halberd
              (12 damage)
             ... on level 1 of the Dungeon.
             The game lasted 00:02:41 (668 turns).

nightchill the Ruffian (Ghoul Warper)                Turns: 668, Time: 00:02:41

Health: -2/24      AC:  3    Str: 14    XL:     2   Next: 95%
Magic:  3/3        EV: 11    Int:  8    God:
Gold:   44         SH:  0    Dex:  8    Spells: 4/4 levels left

rFire    . . .     SeeInvis .     - Unarmed
rCold    + . .     Gourm    .   (no shield)
rNeg     + + +     Faith    .   a - +0 leather armour
rPois    ∞         Spirit   .   (no helmet)
rElec    .         Reflect  .   (no cloak)
rCorr    .         Harm     .   (no gloves)
MR       .....                  (no boots)
Stlth    +.........             (no amulet)
Regen    0.0/turn               (no ring)
MPRegen  0.1/turn               (no ring)

@: rotting
A: rotting body, claws 1, carnivore 3, cold resistance 1, negative energy
resistance 3, inhibited regeneration, torment resistance, unbreathing
a: no special abilities


You were on level 1 of the Dungeon.
You were not hungry.

You visited 1 branch of the dungeon, and saw 1 of its levels.

You collected 44 gold pieces.

Inventory:

Missiles
 d - 5 tomahawks of dispersal (quivered)
 k - 3 stones
Armour
 a - a +0 leather armour (worn)
 h - a cursed +0 shield
Scrolls
 c - a scroll of blinking
 e - 4 scrolls of enchant weapon {unknown}
 i - a scroll of identify {unknown}
 j - a scroll of noise {unknown}
Books
 b - a book of Spatial Translocations

   Spells                             Type                      Level
   a - Blink                          Translocation                2
   b - Shroud of Golubria             Charms/Translocation         2
   c - Lesser Beckoning               Translocation                3
   d - Gell's Gravitas                Translocation                3
   e - Teleport Other                 Translocation                3
   f - Passage of Golubria            Translocation                4
Comestibles
 f - a meat ration
 g - a chunk of flesh


   Skills:
 - Level 2.1 Fighting
 - Level 0.8 Throwing
 - Level 0.8 Armour
 - Level 1.7 Dodging
 + Level 3.7 Unarmed Combat
 - Level 1.7 Spellcasting
   Level 2.6 Translocations


You had 4 spell levels left.
You didn't know any spells.

Dungeon Overview and Level Annotations

Branches:
Dungeon (1/15)

Altars:


Innate Abilities, Weirdness & Mutations

Your body is rotting away.
You thrive on raw meat.
You are immune to poison.
You have sharp fingernails.
You are carnivorous and can eat meat at any time.
Your flesh is cold resistant. (rC+)
You are immune to negative energy. (rN+++)
You do not regenerate when monsters are visible.
You are immune to unholy pain and torment.
You can survive without breathing.


Message History

The jackal bites you. The gnoll hits you but does no damage.
You scratch the jackal but do no damage.
The jackal is severely wounded.
The jackal bites you.
The jackal bites you but does no damage.
Some of the chunks of flesh in your inventory have rotted away.
You scratch the jackal.
You kill the jackal!
The gnoll completely misses you.
You closely miss the jackal.
The jackal bites you but does no damage.
The gnoll closely misses you.
You scratch the jackal.
The jackal is severely wounded.
The jackal bites you. The gnoll barely misses you.
You closely miss the jackal. You claw the jackal.
You kill the jackal!
The gnoll hits you with a halberd!
Ouch! That really hurt!
You die...

......# ......# #####
....... #...# ......#
#...##......#
#...#.......#
#####....g......#
#########g..#.h.##....?.#
#....#..@.#...### #######
#......###############
#>............).......
#######.##........####
#.##........#
#.##........#
#.##........#
#.##........#
#...........#


You could see a gnoll.

Vanquished Creatures
  A dart slug (D:1)
  5 giant cockroaches (D:1)
  A goblin (D:1)
  2 hobgoblins (D:1)
  2 jackals (D:1)
  2 bats (D:1)
  A frilled lizard (D:1)
  2 kobolds (D:1)
  3 rats (D:1)
19 creatures vanquished.

Notes
Turn   | Place    | Note
-------+----------+-------------------------------------------
     0 | D:1      | nightchill the Ghoul Warper began the quest for the Orb.
     0 | D:1      | Reached XP level 1. HP: 17/17 MP: 2/2
   198 | D:1      | Reached skill level 3 in Unarmed Combat
   198 | D:1      | Reached XP level 2. HP: 22/24 MP: 3/3
   668 | D:1      | Slain by a gnoll

Skill      XL: |  1 |
---------------+----+-----
Unarmed Combat | 3 |  3.7
Fighting       | |  2.1
Throwing       | |  0.8
Armour         | |  0.8
Dodging        | |  1.7
Spellcasting   | |  1.7
Translocations | |  2.6

Action                   || total
-------------------------++-------
Melee: Unarmed           ||    67
       Punch             ||     1
  Eat: Chunk             ||     6
Armor: Leather armour    ||    21
Dodge: Dodged            ||    46
